 Dungeon Crawl Stone Soup version 0.20-a0-513-g02c11fc (webtiles) character file.

114 dvd the Covered (level 4, -2/37 HPs)
             Began as a Barachian Fighter on Jan 22, 2017.
             Killed by divine providence
             ... invoked by an orc priest
              (10 damage)
             ... on level 3 of the Dungeon.
             The game lasted 00:04:46 (2113 turns).

dvd the Covered (Barachian Fighter)                 Turns: 2113, Time: 00:04:47

Health: -2/37      AC:  7    Str: 14    XL:     4   Next: 98%
Magic:  4/4        EV:  7    Int:  6    God:
Gold:   120        SH:  8    Dex: 11    Spells: 3/3 levels left

rFire    . . .     SeeInvis .   a - +0 war axe
rCold    . . .     Gourm    .   b - +0 scale mail
rNeg     . . .     Faith    .   c - +0 shield
rPois    .         Spirit   .   (no helmet)
rElec    .         Reflect  .   (no cloak)
rCorr    .         Harm     .   (no gloves)
MR       .....                  (no boots)
Stlth    ..........             (no amulet)
Regen    0.2/turn               (no ring)
                                (no ring)

@: slow
A: swims, slowness 1, strong legs 1
a: Hop


You were on level 3 of the Dungeon.
You were not hungry.

You visited 1 branch of the dungeon, and saw 3 of its levels.

You collected 120 gold pieces.

Inventory:

Hand Weapons
 a - a +0 war axe (weapon)
Armour
 b - a +0 scale mail (worn)
 c - a +0 shield (worn)
Scrolls
 e - 2 scrolls of enchant weapon {unknown}
 h - 3 scrolls of identify {unknown}
 i - a scroll of noise {unknown}
 l - a scroll of recharging {unknown}
Potions
 d - 2 potions of might
 j - a potion of heal wounds {unknown}
Comestibles
 f - a bread ration
 k - a royal jelly


   Skills:
 + Level 4.0 Fighting
 + Level 3.1 Axes
 + Level 4.2 Armour
 + Level 0.4 Dodging
 + Level 3.5 Shields


You had 3 spell levels left.
You didn't know any spells.

Dungeon Overview and Level Annotations

Branches:
Dungeon (3/15)

Altars:


Innate Abilities, Weirdness & Mutations

You can swim through water.
You cover ground slowly.
You can hop short distances.


Message History

The orc priest invokes the aid of Beogh against you.
Beogh smites you!
* * * LOW HITPOINT WARNING * * *
You barely miss the orc priest.
Your scale mail prevents you from hitting the orc.
You closely miss the orc. You block the orc's attack.
You block the orc priest's attack. The orc hits you but does no damage.
You closely miss the orc priest. You slash the orc!
You kill the orc!
You barely miss the orc. You block the orc priest's attack.
The orc hits you but does no damage.
The orc priest hits you with a falchion.
* * * LOW HITPOINT WARNING * * *
You barely miss the orc priest. You closely miss the orc.
The orc hits you but does no damage. You block the orc priest's attack.
You hit the orc priest but do no damage.
You hit the orc. The orc barely misses you.
The orc priest invokes the aid of Beogh against you.
Beogh smites you!
You die...

.## ###.# ..# #.# #.#
#.# # #.# ###.# ##. #.#
##.#.# #
###...##.########.†..###
............)....).....+
###...##)####.###....###
#......@o.# #.# ##...#
#.######o.# #.# #....#
#..# #.###.#.## #..#
#.......# ...# #####.###
##.# #.# .# #.# .# #.#
## #.# ...


You could see an orc priest and an orc.

Vanquished Creatures
  Natasha (D:3)
  An adder (D:2)
  An ooze (D:1)
  2 worms (D:2)
  A dart slug (D:1)
  2 leopard geckos
  2 orcs (D:3)
  3 ball pythons
  2 giant cockroaches
  5 goblins
  13 hobgoblins
  A jackal (D:1)
  9 bats
  8 frilled lizards
  7 kobolds
  5 rats
63 creatures vanquished.

Notes
Turn   | Place    | Note
-------+----------+-------------------------------------------
     0 | D:1      | dvd the Barachian Fighter began the quest for the Orb.
     0 | D:1      | Reached XP level 1. HP: 18/18 MP: 1/1
    86 | D:1      | Reached XP level 2. HP: 20/24 MP: 2/2
   346 | D:1      | Reached XP level 3. HP: 30/30 MP: 3/3
  1145 | D:2      | Reached XP level 4. HP: 37/37 MP: 4/4
  1779 | D:3      | Noticed Natasha
  1791 | D:3      | Killed Natasha
  2113 | D:3      | Killed from afar by an orc priest

Vault maps used:
D:1:      onia_arrival_pyramid, minmay_pentomino_v2
D:2:      fountainhead
D:3:      serial_bayou_pond_e, uniq_natasha

Skill      XL: |  1  2  3  4 |
---------------+-------------+-----
Armour         | 4 |  4.2
Fighting       | 4 |  4.0
Axes           | 3 |  3.1
Dodging        | |  0.4
Shields        | |  3.5

Action                   |  1- 3 |  4- 6 || total
-------------------------+-------+-------++-------
Melee: War axe           |   128 |    88 ||   216
 Abil: Hop               |     1 |       ||     1
  Eat: Chunk             |     2 |     3 ||     5
Armor: Scale mail        |    70 |    67 ||   137
Dodge: Dodged            |    29 |    41 ||    70
Block: Shield            |    51 |    55 ||   106
